 Dungeon Crawl Stone Soup version 0.25-a0-547-g27a0b5d1ef (webtiles) character file.

Game seed: 9687279150032990579, levelgen mode: deterministic

7 drasked the Magician (level 1, -2/9 HPs)
             Began as a Spriggan Wizard on Feb 21, 2020.
             Slain by a kobold
             ... wielding a +1 short sword of electrocution
              (8 damage)
             ... on level 1 of the Dungeon.
             The game lasted 00:01:39 (252 turns).

drasked the Magician (Spriggan Wizard)               Turns: 252, Time: 00:01:39

Health: -2/9       AC:  2    Str:  3    XL:     1   Next: 83%
Magic:  3/6        EV: 18    Int: 19    God:
Gold:   22         SH:  0    Dex: 14    Spells: 7/8 levels left

rFire    . . .     SeeInvis +   c - +0 short sword
rCold    . . .     Gourm    .   (shield restricted)
rNeg     . . .     Faith    .   a - +0 robe
rPois    .         Spirit   .   b - +0 hat
rElec    .         Reflect  .   (no cloak)
rCorr    .         Harm     .   (gloves unavailable)
MR       .....                  (boots unavailable)
Stlth    ++........             (no amulet)
HPRegen  0.03/turn              (no ring)
MPRegen  0.10/turn              (no ring)

@: very slightly contaminated, very quick
A: very small, unfitting armour, see invisible, herbivore, speed 3, slow
metabolism 2
a: no special abilities


You were on level 1 of the Dungeon.
You were not hungry.

You visited 1 branch of the dungeon, and saw 1 of its levels.

You collected 22 gold pieces.

Inventory:

Hand Weapons
 c - a +0 short sword (weapon)
   (You found it on level 1 of the Dungeon)
Armour
 a - a +0 robe (worn)
 b - a +0 hat (worn)
Comestibles
 e - a ration


   Skills:
 - Level 3.0 Dodging
 + Level 3.3 Stealth
 + Level 4.2 Spellcasting
 + Level 1.0 Conjurations
   Level 0.7 Summonings
   Level 1.5 Translocations


You had 7 spell levels left.
You knew the following spells:

 Your Spells              Type           Power        Failure   Level  Hunger
a - Magic Dart            Conj           #...         9%          1    None

Your spell library contained the following spells:

 Spells                   Type           Power        Failure   Level  Hunger
 Blink                    Tloc           N/A          11%         2    #......
 Call Imp                 Summ           #.......     16%         2    #......
 Slow                     Hex            #.......     21%         2    #......
 Conjure Flame            Conj/Fire      #.......     32%         3    ###....
 Mephitic Cloud           Conj/Pois/Air  #.......     34%         3    ###....


Dungeon Overview and Level Annotations

Branches:
Dungeon (1/15)

Altars:


Innate Abilities, Weirdness & Mutations

You are very small and have problems with some larger weapons.
You are too small for most types of armour.
You have supernaturally acute eyesight. (SInv)
You are a herbivore.
You cover ground extremely quickly.
You need to consume almost no food.


Message History

Aim: a rat The magic dart hits the rat.
You kill the rat!
Aim: a kobold You miscast Magic Dart.
You are very lightly contaminated with residual magic.
You feel a strange surge of energy!
Aim: a kobold The magic dart hits the kobold.
Aim: a kobold (moderately wounded)
The magic dart hits the kobold.
The kobold hits you.
Aim: a kobold (severely wounded)
The magic dart hits the kobold but does no damage.
* * * LOW MAGIC WARNING * * *
The kobold closely misses you.
Aim: a kobold (severely wounded)
The magic dart hits the kobold.
You kill the kobold!
* * * LOW MAGIC WARNING * * *
You see here a kobold corpse.
You see here a rat corpse.
Sorry, you're a herbivore.
You start resting.
Your magical contamination has completely faded away.
You start resting.
The kobold is too close now for your liking.
Aim: a kobold, wielding a +1 short sword of electrocution (hasn't noticed you)
The magic dart hits the kobold but does no damage.
* * * LOW MAGIC WARNING * * *
Aim: a kobold, wielding a +1 short sword of electrocution The magic dart hits the kobold but does no damage.
* * * LOW MAGIC WARNING * * *
You don't have enough magic to cast that spell.
You see here a rat corpse.
You see here a kobold corpse.
A hobgoblin comes into view. It is wielding a +0 club.
Aim: a hobgoblin, wielding a +0 club (resting)
The magic dart hits the hobgoblin.
The hobgoblin shouts!
Aim: a hobgoblin, wielding a +0 club (moderately wounded)
The magic dart hits the hobgoblin.
You can't see any susceptible monsters within range! (Use Z to cast anyway.)
You start resting.
The hobgoblin is too close now for your liking.
Aim: a hobgoblin, wielding a +0 club (severely wounded)
The magic dart hits the hobgoblin.
You kill the hobgoblin!
* * * LOW MAGIC WARNING * * *
Things that are here:
a +0 club; a hobgoblin corpse You start resting.
A kobold comes into view.
Aim: a kobold, quivering 5 stones (hasn't noticed you)
The magic dart hits the kobold.
The kobold shouts!
* * * LOW MAGIC WARNING * * *
The kobold throws a stone.
The stone barely misses you.
Aim: a kobold, quivering 4 stones (heavily wounded)
The magic dart hits the kobold but does no damage.
* * * LOW MAGIC WARNING * * *
The kobold throws a stone.
The stone completely misses you.
You don't have enough magic to cast that spell.
Aim: a kobold, quivering 3 stones (heavily wounded)
The magic dart hits the kobold.
You kill the kobold!
* * * LOW MAGIC WARNING * * *
You aren't carrying any potions.
You start resting.
A goblin comes into view. It is wielding a +0 club.
A goblin is nearby!
Aim: a goblin, wielding a +0 club (hasn't noticed you)
The magic dart hits the goblin.
The goblin shouts!
* * * LOW MAGIC WARNING * * *
Aim: a goblin, wielding a +0 club (severely wounded)
The magic dart hits the goblin.
You kill the goblin!
Your Conjurations skill increases to level 1!
* * * LOW MAGIC WARNING * * *
You start resting.
Things that are here:
a +0 club; a goblin corpse
Things that are here:
3 stones; a kobold corpse
Things that are here:
a +0 club; a goblin corpse You now have 22 gold pieces (gained 6).
The kobold is too close now for your liking.
Aim: a kobold, wielding a +1 short sword of electrocution (hasn't noticed you)
The magic dart hits the kobold.
Aim: a kobold, wielding a +1 short sword of electrocution (heavily wounded)
You miscast Magic Dart.
You are very lightly contaminated with residual magic.
Strange energies run through your body. The kobold barely misses you.
Aim: a kobold, wielding a +1 short sword of electrocution (heavily wounded)
The magic dart hits the kobold.
The kobold hits you with a +1 short sword of electrocution.
You are electrocuted!
Ouch! That really hurt!
You die...

################
######........††....#
.......(.(.#####.##.#
######.###).........#
... #.#####@#..# ####
#.# ##K#...#
#.###$###..#.
#.#.....##....
###.#.###.#..#...#
#.....# .K>....##
#.#...###.#.#.###
#.#.#.....#.#.# #
#.###)#.# #..


You could see a kobold.

Levels and vault maps discovered:
D:1:      dpeg_arrival_connections, layout_loops_ring

Notes
Turn   | Place    | Note
-------+----------+-------------------------------------------
     0 | D:1      | drasked the Spriggan Wizard began the quest for the Orb.
     0 | D:1      | Reached XP level 1. HP: 9/9 MP: 6/6
     7 | D:1      | Identified a +0 club
    10 | D:1      | Identified a +1 short sword of electrocution
    21 | D:1      | Identified a +0 short sword (You found it on level 1 of the
                  | Dungeon)
    87 | D:1      | Identified a +0 club
   177 | D:1      | Identified a +0 club
   179 | D:1      | Reached skill level 1 in Conjurations
   252 | D:1      | Slain by a kobold

Table legend:
 A = Turns spent in this place as a percentage of turns spent in the entire game.
 B = Non-inter-level travel turns spent in this place as a percentage of non-inter-level travel turns spent in the entire game.
 C = Inter-level travel turns spent in this place as a percentage of turns spent in this place.
 D = Turns resting spent in this place as a percentage of non-inter-level travel turns spent in this place.
 E = Turns spent auto-exploring this place as a percentage of non-inter-level travel turns spent in this place.
 F = Non-inter-level travel turns spent in this place divided by the number of levels of this place that you've seen.
                   A       B       C       D       E      F
               +-------+-------+-------+-------+-------+----------------------
         Total | 100.0 | 100.0 |   0.0 |  46.8 |  11.1 | 252.0
       Dungeon | 100.0 | 100.0 |   0.0 |  46.8 |  11.1 | 252.0
               +-------+-------+-------+-------+-------+----------------------

Table legend:
 A = Kills in this place as a percentage of kills in entire the game.
 B = Kills by you in this place as a percentage of kills by you in the entire game.
 C = Kills by friends in this place as a percentage of kills by friends in the entire game.
 D = Other kills in this place as a percentage of other kills in the entire game.
 E = Experience gained in this place as a percentage of experience gained in the entire game.
 F = Experience gained in this place divided by the number of levels of this place that you have seen.
                   A       B       C       D       E      F
               +-------+-------+-------+-------+-------+----------------------
         Total | 100.0 | 100.0 |   N/A |   N/A | 100.0 |  10.0
       Dungeon | 100.0 | 100.0 |   N/A |   N/A | 100.0 |  10.0
               +-------+-------+-------+-------+-------+----------------------

Skill      XL: |  1 |
---------------+----+-----
Conjurations   | 1 |  1.0
Dodging        | |  3.0
Stealth        | |  3.3
Spellcasting   | |  4.2
Summonings     | |  0.7
Translocations | |  1.5

Action                   || total
-------------------------++-------
 Cast: Magic Dart        ||    20
Dodge: Dodged            ||     8

Vanquished Creatures
  2 goblins (D:1)
  A hobgoblin (D:1)
  2 kobolds (D:1)
  A rat (D:1)
6 creatures vanquished.
